 Dungeon Crawl Stone Soup version 0.29.0-5-ge4962eb29e (webtiles) character file.

Game seed: 17853820321708190760

286387 ragingrage the Executioner (level 19, -1/191 HPs)
             Began as a Minotaur Gladiator on Aug 29, 2022.
             Was the Champion of Okawaru.
             Slain by Mennas
             ... wielding a +0 eudemon blade of holy wrath
              (6 damage)
             ... on level 2 of the Vaults.
             The game lasted 01:05:14 (51512 turns).

ragingrage the Executioner (Minotaur Gladiator)    Turns: 51512, Time: 01:05:14

Health: -1/191     AC: 23    Str: 26    XL:     19   Next: 83%
Magic:  24/25      EV:  9    Int:  5    God:    Okawaru [******]
Gold:   1159       SH: 12    Dex: 13    Spells: 18/18 levels left

rFire   + + .      SeeInvis .   a - +9 broad axe (drain)
rCold   + . .      Faith    .   y - +1 kite shield {rC+ rF+}
rNeg    . . .      Spirit   .   C - +2 plate armour {rF+}
rPois   +          Reflect  .   E - +1 hat {Will+}
rElec   .          Harm     .   p - scarf {repulsion}
rCorr   .          Rampage  +   i - +0 pair of gloves
Will    ++...                   Q - +1 pair of boots {rampage}
Stlth   ..........              N - amulet of regeneration
HPRegen 1.21/turn               f - ring of poison resistance
MPRegen 0.19/turn               J - +4 ring of slaying

@: marked, glowing, silenced, repel missiles
A: horns 2, retaliatory headbutt
}: 2/15 runes: decaying, serpentine
a: Renounce Religion


You were on level 2 of the Vaults.
You worshipped Okawaru.
Okawaru was exalted by your worship.
You visited 8 branches of the dungeon, and saw 34 of its levels.
You visited 1 bazaar.
You also visited: Ossuary, Gauntlet and Wizlab.

You collected 3301 gold pieces.
You spent 2142 gold pieces at shops.

Inventory:

Hand Weapons
 a - a +9 broad axe of draining (weapon)
 c - the +2 broad axe "Siut" {venom, rElec rN+ Int+2}
   (Okawaru gifted it to you on level 2 of the Lair of Beasts)

   It poisons the flesh of those it strikes.
   Int:       It affects your intelligence (+2).
   rElec:     It insulates you from electricity.
   rN:        It protects you from negative energy.
Missiles
 d - 5 throwing nets
 e - 29 javelins
 n - 34 poisoned darts
 t - a silver javelin
 v - 8 curare-tipped darts
 S - 11 boomerangs (quivered)
Armour
 i - a +0 pair of gloves (worn)
 p - a scarf of repulsion (worn)
 y - a +1 kite shield of resistance (worn)
 C - a +2 plate armour of fire resistance (worn)
 E - a +1 hat of willpower (worn)
 Q - a +1 pair of boots of rampaging (worn)
Jewellery
 f - a ring of poison resistance (left hand)
 A - a ring of resist corrosion
 J - a +4 ring of slaying (right hand)
 N - an amulet of regeneration (around neck)
Wands
 x - a wand of iceblast (10)
 D - a wand of digging (4)
 L - a wand of paralysis (26)
 M - a wand of polymorph (17)
 T - a wand of flame (30)
 U - a wand of acid (11)
 Z - a wand of mindburst (38)
Scrolls
 g - 5 scrolls of magic mapping
 j - 7 scrolls of vulnerability
 k - 5 scrolls of immolation
 u - 9 scrolls of fog
 w - 6 scrolls of blinking
 O - 4 scrolls of silence
 R - 5 scrolls of teleportation
 V - 8 scrolls of poison
 W - 6 scrolls of fear
Potions
 h - 5 potions of lignification
 l - 7 potions of mutation
 o - 6 potions of curing
 q - 6 potions of magic
 s - 9 potions of heal wounds
 z - 5 potions of might
 B - 7 potions of attraction
 F - 2 potions of experience
 G - a potion of cancellation
 H - 8 potions of ambrosia
 K - 3 potions of berserk rage
 P - 7 potions of haste
 X - 6 potions of flight
Miscellaneous
 r - a tin of tremorstones (inert)
 I - a lightning rod (4/4)


   Skills:
 + Level 21.9 Fighting
 - Level 22.7 Axes
 + Level 14.1 Throwing
 - Level 14.0 Armour
 - Level 7.0 Dodging
 - Level 9.0 Shields
 - Level 10.0 Invocations
 - Level 9.0 Evocations


You had 18 spell levels left.
You didn't know any spells.
Your spell library contained the following spells:

 Spells                   Type           Power      Damage    Failure   Level
 Apportation              Tloc           0%         N/A       100%        1
 Foxfire                  Conj/Fire      0%         2x1d4     100%        1
 Necrotise                Necr           0%         1d4       100%        1
 Slow                     Hex            0%         N/A       100%        1
 Ensorcelled Hibernation  Hex/Ice        0%         N/A       100%        2
 Poisonous Vapours        Pois/Air       0%         N/A       100%        2
 Static Discharge         Conj/Air       0%         3-3/arc   100%        2
 Conjure Flame            Conj/Fire      0%         6-21      100%        3
 Dazzling Flash           Conj/Hex       0%         N/A       100%        3
 Gell's Gravitas          Tloc           0%         N/A       100%        3
 Ignite Poison            Fire/Tmut/Pois 0%         N/A       100%        3
 Inner Flame              Hex/Fire       0%         N/A       100%        3
 Lesser Beckoning         Tloc           0%         N/A       100%        3
 Mephitic Cloud           Conj/Pois/Air  0%         N/A       100%        3
 Portal Projectile        Hex/Tloc       0%         N/A       100%        3
 Teleport Other           Tloc           0%         N/A       100%        3
 Airstrike                Air            0%         2d(0-16)  100%        4
 Cause Fear               Hex            0%         N/A       100%        4
 Corpse Rot               Necr/Pois/Air  0%         N/A       100%        4
 Flame Wave               Conj/Fire      0%         2d4       100%        4
 Fulminant Prism          Conj/Hex       0%         3d6       100%        4
 Iskenderun's Mystic Bla  Conj/Tloc      0%         2d3       100%        4
 Leda's Liquefaction      Hex/Erth       0%         N/A       100%        4
 Sticky Flame             Conj/Fire      0%         2d3       100%        4
 Agony                    Necr           0%         N/A       100%        5
 Blade Hands              Tmut           0%         N/A       100%        5
 Freezing Cloud           Conj/Ice/Air   0%         6-21      100%        5
 Lee's Rapid Deconstruct  Erth           0%         3d5*      100%        5
 Lightning Bolt           Conj/Air       0%         1d11      100%        5
 Silence                  Hex/Air        0%         N/A       100%        5
 Yara's Violent Unravell  Hex/Tmut       0%         3d3       100%        5
 Conjure Ball Lightning   Conj/Air       0%         3x3d6     100%        6
 Starburst                Conj/Fire      0%         6d3       100%        6
 Storm Form               Tmut/Air       0%         N/A       100%        7
 Borgnjor's Revivificati  Necr           0%         N/A       100%        8
 Discord                  Hex            0%         N/A       100%        8
 Disjunction              Tloc           0%         N/A       100%        8
 Maxwell's Capacitive Co  Air            0%         ∞         100%        8
 Necromutation            Tmut/Necr      0%         N/A       100%        8
 Chain Lightning          Conj/Air       0%         N/A       100%        9
 Death's Door             Necr           0%         N/A       100%        9
 Fire Storm               Conj/Fire      0%         5d1       100%        9
 Shatter                  Erth           0%         3d5*      100%        9
 Summon Small Mammal      Summ           Unusable   N/A       N/A         1
 Call Canine Familiar     Summ           Unusable   N/A       N/A         3
 Tukima's Dance           Hex            Unusable   N/A       N/A         3
 Summon Lightning Spire   Summ/Air       Unusable   N/A       N/A         4
 Summon Mana Viper        Hex/Summ       Unusable   N/A       N/A         5

Dungeon Overview and Level Annotations

Branches:
Dungeon (15/15)            Temple (1/1) D:6            Lair (5/5) D:11
  Swamp (4/4) Lair:3        Snake (4/4) Lair:2        Slime (0/5) Lair:5
    Orc (2/2) D:11            Elf (1/3) Orc:2        Vaults (2/5) D:14
 Depths (0/4) D:15        Ossuary (visited)          WizLab (visited)
Gauntlet (visited)
  Crypt: Vaults:2-3

Altars:
Ashenzari
Cheibriados
Dithmenos
Elyvilon
Fedhas
Gozag
Hepliaklqana
Kikubaaqudgha
Makhleb
Nemelex Xobeh
Okawaru
Qazlal
Ru
Sif Muna
Trog
Uskayaw
Vehumet
Wu Jian
Xom
Yredelemnul
Zin
The Shining One
Jiyva

Shops:
D:4 [[:   D:7 [   Orc:2 !:(*   Snake:2 :   Snake:3 :

Annotations:
D:2 exclusion: downstairs
D:8 2 transporters, odiv's ghost, novice DsWn
D:9 2 runed translucent doors
D:10 2 transporters
D:15 1 runed translucent door, AyAyRon's ghost, adept DsFi
Swamp:2 2 transporters, xzight's ghost, adept MiBe
Snake:3 exclusion: downstairs
Vaults:2 Mennas


Innate Abilities, Weirdness & Mutations

You have a pair of horns on your head.
You reflexively headbutt those who attack you in melee.


Message History

Mennas hits you with a +0 eudemon blade of holy wrath.
* * * LOW HITPOINT WARNING * * *
Mennas hits you but does no damage.
The wizard hits you with a +1 dagger of venom.
* * * LOW HITPOINT WARNING * * *
Okay, then.
A white ugly thing comes into view.
Mennas is caught in a moment of prayer.
Mennas gestures frantically.
You resist with almost no effort.
The wizard gestures wildly while chanting.
The wizard flickers and vanishes for a moment.
Mennas gestures frantically.
Mennas's surroundings become eerily quiet.
A brown ugly thing comes into view.
The brown ugly thing bites you.
* * * LOW HITPOINT WARNING * * *
You are splashed with acid.
* * * LOW HITPOINT WARNING * * *
You see here a +0 ring mail.
Your hands slow down.
You block the green very ugly thing's attack.
There is an open door here.
The green very ugly thing attacks as you move away!
You block the green very ugly thing's attack.
Mennas attacks as you move away!
Mennas hits you with a +0 eudemon blade of holy wrath.
* * * LOW HITPOINT WARNING * * *
Mennas hits you with a +0 eudemon blade of holy wrath.
* * * LOW HITPOINT WARNING * * *
Mennas hits you with a +0 eudemon blade of holy wrath!
* * * LOW HITPOINT WARNING * * *
You block Mennas's attack.
Items here: )))) ? [[[ ÷÷÷.
Mennas attacks as you move away!
Mennas hits you with a +0 eudemon blade of holy wrath!
* * * LOW HITPOINT WARNING * * *
Mennas barely misses you.
There is a stone staircase leading up, spattered with blood here.
Mennas hits you with a +0 eudemon blade of holy wrath.
You die...

#.?....##.....# +......##.....#
#......##.....# #......##.....#
### +......##.....# #..
######'##u....# #..
#......u[....# #..
###########...)u.#.....# #..
#.........#...@A.#.....# #..
#.........#...)).#.....# #..
#...<)....#......#....p#######'
#.........'......#...[.[)...p..
#.........########.....u[).....
#.........# #.............
#####'###### #.............
#......##########
#.............
#......#........#
#####'########


You could see Mennas (silencing), a green very ugly thing and 2 ugly things.

Vanquished Creatures
  Vashnia (Snake:4)
  Jorgrun (Orc:2)
  2 tentacled monstrosities (Swamp:4)
  A walking crystal tome (WizLab)
  2 walking earthen tomes (WizLab)
  A walking frostbound tome (WizLab)
  Donald (Swamp:2)
  A strange machine (WizLab)
  2 nagarajas (Snake:4)
  3 fenstrider witches (Swamp:4)
  2 vault wardens (Vaults:1)
  An orc warlord (Orc:2)
  Louise (Swamp:3)
  2 ghouls (Swamp:4)
  A reaper (Swamp:4)
  8 ironbound preservers
  4 ironbound thunderhulks
  A deep elf demonologist (Vaults:1)
  2 eleionomae
  5 bunyips
  A minotaur (Gauntlet)
  An entropy weaver (Vaults:1)
  A dire elephant (Gauntlet)
  Snorg (Orc:1)
  A green death (Swamp:4)
  A fire dragon (D:12)
  A shambling mangrove (Swamp:4)
  A great orb of eyes (Vaults:1)
  3 yaktaur captains
  Erolcha (Orc:2)
  2 vault guards (D:14)
  A salamander tyrant (Snake:4)
  3 boulder beetles
  17 hydras
  Fannar (Lair:2)
  Harold (Lair:2)
  5 rakshasas
  A death knight (Vaults:1)
  3 ogre magi (Swamp:4)
  2 catoblepae
  16 anacondas
  4 ghost crabs
  Erica (Orc:1)
  10 centaur warriors
  7 ironbound frosthearts
  12 dancing weapons
  2 tengu warriors (D:12)
  6 alligators
  4 death yaks (Lair:4)
  2 two-headed ogres
  13 naga warriors
  2 spriggan berserkers (Swamp:4)
  A hell hog (Gauntlet)
  A vampire mage (Vaults:1)
  An orc high priest (Orc:2)
  7 shock serpents
  A deep elf knight (D:12)
  3 soul eaters
  A fire crab (D:15)
  8 salamander mystics
  10 naga sharpshooters
  3 skeletal warriors
  3 death drakes
  4 goliath frogs
  A sixfirhy (Swamp:4)
  2 swamp dragons (Swamp:4)
  20 deep trolls
  4 spriggan druids
  A glowing orange brain (Vaults:1)
  5 naga ritualists
  A sea snake (Lair:5)
  An orange crystal statue (D:11)
  2 ironbound convokers
  A bog body (Swamp:3)
  10 lindwurms
  2 deep elf archers (Elf:1)
  6 wizards
  9 deep elf pyromancers
  2 necromancers
  4 deep elf zephyrmancers
  8 ugly things
  4 harpies (Vaults:1)
  10 orc sorcerers
  3 cyclopes
  11 mana vipers
  5 will-o-the-wisps
  4 manticores
  15 salamanders
  A faun (D:13)
  30 black mambas
  3 vault sentinels
  18 elephants
  2 gargoyles
  7 guardian serpents
  2 unseen horrors (D:11)
  13 naga magi
  A rime drake (Lair:3)
  13 cane toads
  An unseen horror (shapeshifter) (D:9)
  2 freezing wraiths
  A yaktaur (Vaults:2)
  8 komodo dragons
  2 hellwings (Swamp:4)
  4 trolls
  6 polar bears
  2 tengu conjurers (D:14)
  A wolf spider simulacrum (D:15)
  3 meliai (D:13)
  A meliai (shapeshifter) (D:15)
  7 hornets
  16 blink frogs
  8 tyrant leeches
  12 dream sheep
  7 slime creatures
  2 vampires
  Sigmund (D:3)
  2 air elementals (Elf:1)
  A culicivora (Vaults:1)
  5 wraiths
  39 yaks
  A spriggan (shapeshifter) (D:11)
  2 water elementals (Elf:1)
  11 wyverns
  3 centaur simulacra
  9 humans (D:14)
  3 fire bats (Gauntlet)
  18 spriggans
  A shadow (D:11)
  4 basilisks
  3 chaos spawn (Swamp:4)
  A redback simulacrum (D:15)
  15 vampire mosquitoes
  A two-headed ogre zombie (D:11)
  A neqoxec (Swamp:4)
  7 wargs
  41 nagas
  13 swamp worms
  Duvessa (D:5)
  An acid dragon (D:12)
  A hell hound (Gauntlet)
  10 water moccasins
  An ice beast (D:4)
  A swamp drake (D:11)
  A sky beast (D:7)
  4 black bears
  6 ogres
  24 orc warriors
  8 boggarts
  6 centaurs
  25 wolves
  3 phantoms
  2 kobold brigands
  A gnoll sergeant (D:10)
  12 bullfrogs
  2 necrophages
  8 wights
  Dowan (D:5)
  25 killer bees
  2 troll zombies (D:11)
  5 howler monkeys
  An electric eel (Lair:2)
  A lava snake (D:13)
  4 hounds
  34 orc priests
  9 jellies (Lair:5)
  A gnoll bouda (D:4)
  A boggart zombie (D:15)
  An iguana (D:7)
  33 orc wizards
  A polar bear simulacrum (D:14)
  3 yak simulacra (D:14)
  3 wolf simulacra (D:14)
  5 ogre zombies (D:11)
  13 mummies (Ossuary)
  6 adders
  13 gnolls
  3 shadow imps (Gauntlet)
  2 white imps
  2 worms (D:2)
  57 orcs
  5 ball pythons
  A bat (D:3)
  8 endoplasms
  3 giant cockroaches
  7 goblins
  5 hobgoblins
  8 jackals
  3 quokkas
  A frilled lizard (D:1)
  A gnoll skeleton (Ossuary)
  3 goblin skeletons
  A goblin zombie (D:11)
  A hobgoblin skeleton (D:11)
  5 hobgoblin zombies (D:11)
  10 kobolds
  A kobold skeleton (Ossuary)
  4 orc skeletons (Ossuary)
  17 orc zombies (D:11)
  5 rats
  11 rat skeletons (Ossuary)
  4 river rat simulacra (D:14)
1145 creatures vanquished.

Vanquished Creatures (others)
  A thorn hunter (Swamp:2)
  A centaur warrior (D:14)
  A bog body (Swamp:2)
  A deep elf zephyrmancer (Elf:1)
  A bloated husk (Swamp:2)
  A human (D:14)
  17 foxfires
  56 fungi
  86 plants
165 creatures vanquished.

Grand Total: 1310 creatures vanquished

Notes
Turn   | Place    | Note
-------+----------+-------------------------------------------
     0 | D:1      | ragingrage the Minotaur Gladiator began the quest for the
                  | Orb.
     0 | D:1      | Reached XP level 1. HP: 18/18 MP: 0/0
   101 | D:1      | Reached skill level 4 in Axes
   254 | D:1      | Found a faded altar of an unknown god.
   345 | D:1      | Reached XP level 2. HP: 13/25 MP: 1/1
   893 | D:1      | Reached skill level 5 in Axes
   979 | D:1      | Reached XP level 3. HP: 28/30 MP: 2/2
  1580 | D:2      | Found a white marble altar of Elyvilon.
  2012 | D:2      | Reached skill level 6 in Axes
  2012 | D:2      | Reached XP level 4. HP: 28/37 MP: 3/3
  2419 | D:3      | Noticed Sigmund
  2702 | D:4      | Found Gainoypesh's Armour Emporium.
  2758 | D:4      | Found Rewixo's Antique Armour Shoppe.
  2857 | D:3      | Reached XP level 5. HP: 25/42 MP: 4/4
  3167 | D:4      | Found Bicy's Book Boutique.
  3225 | D:4      | Identified the +4 war axe "Sireth" {elec, Drain Fly rElec
                  | SInv}
  3377 | D:4      | Found a broken altar of Ashenzari.
  3394 | D:4      | Reached skill level 7 in Axes
  3538 | D:5      | Entered Level 5 of the Dungeon
  3547 | D:5      | Reached skill level 8 in Axes
  3547 | D:5      | Reached XP level 6. HP: 48/50 MP: 5/5
  3579 | D:5      | Reached skill level 9 in Axes
  3743 | D:5      | Noticed a water moccasin
  4141 | D:4      | Reached XP level 7. HP: 21/56 MP: 6/6
  4379 | D:5      | Noticed Duvessa
  4380 | D:5      | Noticed Dowan
  4393 | D:5      | Killed Duvessa
  4394 | D:5      | Reached skill level 10 in Axes
  4608 | D:5      | Killed Dowan
  4667 | D:5      | Reached skill level 11 in Axes
  4904 | D:5      | Found a stormy altar of Qazlal.
  4959 | D:5      | Identified the +3 flail "Ivui" {vorpal, rElec rF+}
  5395 | D:6      | Reached XP level 8. HP: 59/62 MP: 7/7
  5491 | D:6      | Reached skill level 12 in Axes
  5693 | D:4      | Bought a bloodstained leather armour for 210 gold pieces
  5693 | D:4      | Identified the +1 leather armour "Finothresk" {Str+7 Int-3}
                  | (You bought it in a shop on level 4 of the Dungeon)
  5717 | D:3      | Killed Sigmund
  5922 | D:3      | Found a sacrificial altar of Ru.
  5940 | D:3      | Found a burning altar of Makhleb.
  6354 | D:6      | Reached skill level 13 in Axes
  6771 | D:6      | Found a staircase to the Ecumenical Temple.
  6780 | Temple   | Entered the Ecumenical Temple
  7170 | D:6      | Found a shadowy altar of Dithmenos.
  7361 | D:7      | Found Tupu Domm's Armour Emporium.
  7580 | D:7      | Reached skill level 14 in Axes
  7847 | D:7      | Reached XP level 9. HP: 50/68 MP: 8/8
  8208 | D:8      | Reached skill level 15 in Axes
  8248 | D:8      | Reached skill level 16 in Axes
  8539 | D:9      | Reached skill level 1 in Armour
  8539 | D:9      | Reached skill level 1 in Shields
  8547 | D:9      | Found a large runed translucent door.
  8551 | D:9      | Noticed a centaur warrior
  8557 | D:9      | Found a large runed translucent door.
  8580 | D:8      | Reached skill level 1 in Evocations
  8620 | D:8      | Found an iron altar of Okawaru.
  8634 | D:8      | Became a worshipper of Warmaster Okawaru
  8658 | D:8      | Found a sand-covered staircase.
  8669 | Ossuary  | Entered an ossuary
  9168 | D:8      | Noticed odiv's ghost (novice DsWn)
  9169 | D:8      | Identified the +9 great mace of Intimidation {vorpal, rF+}
  9169 | D:8      | Noticed a two-headed ogre
  9170 | D:8      | Found a transporter.
  9171 | D:8      | Found a transporter.
  9481 | D:8      | Reached XP level 10. HP: 77/78 MP: 9/9
 10139 | D:9      | Reached skill level 5 in Fighting
 10558 | D:9      | Reached * piety under Okawaru
 10628 | D:9      | Noticed a two-headed ogre
 10630 | D:9      | Noticed a cyclops
 10634 | D:9      | Noticed a naga warrior
 10751 | D:10     | Entered Level 10 of the Dungeon
 10897 | D:10     | HP: 1/83 [gnoll sergeant/+0 trident (11)]
 11210 | D:10     | Noticed a two-headed ogre
 11218 | D:10     | Killed a two-headed ogre
 11218 | D:10     | Reached ** piety under Okawaru
 11464 | D:10     | Found an ancient bone altar of Kikubaaqudgha.
 11622 | D:10     | Noticed a skeletal warrior
 11623 | D:10     | Found a transporter.
 11627 | D:10     | Found a transporter.
 11671 | D:10     | Reached *** piety under Okawaru
 11694 | D:10     | Found a basalt altar of Yredelemnul.
 11696 | D:10     | Noticed a flayed ghost
 11879 | D:10     | Reached XP level 11. HP: 88/92 MP: 10/10
 11955 | D:10     | Reached skill level 5 in Shields
 12242 | D:4      | Bought an obsidian-encrusted ring mail for 270 gold pieces
 12242 | D:4      | Identified the +3 ring mail of the Villain {Int+4} (You
                  | bought it in a shop on level 4 of the Dungeon)
 12460 | D:11     | Reached skill level 5 in Armour
 12555 | D:11     | Found a staircase to the Orcish Mines.
 12581 | D:11     | Reached **** piety under Okawaru
 12768 | D:11     | Reached skill level 5 in Throwing
 12806 | D:11     | Received a gift from Okawaru
 12976 | D:11     | Noticed a red ugly thing
 12987 | D:11     | Killed a red ugly thing
 13234 | D:11     | Noticed an orange crystal statue
 13235 | D:11     | Found a gateway to a bazaar.
 13244 | D:11     | Killed an orange crystal statue
 13779 | D:11     | Received a gift from Okawaru
 14010 | D:11     | Found a staircase to the Lair.
 14285 | D:12     | Noticed a two-headed ogre
 14288 | D:12     | Killed a two-headed ogre
 14445 | D:12     | Noticed a deep elf knight
 14445 | D:12     | Noticed a tengu warrior
 14464 | D:11     | Reached skill level 1 in Invocations
 14466 | D:11     | Reached skill level 5 in Evocations
 14589 | D:12     | Killed a deep elf knight
 14589 | D:12     | Reached ***** piety under Okawaru
 14590 | D:12     | Reached skill level 10 in Fighting
 14638 | D:12     | Killed a tengu warrior
 14817 | D:12     | Noticed a fire dragon
 15592 | D:12     | Reached XP level 12. HP: 87/107 MP: 12/12
 15694 | D:12     | Identified the +9 long sword of the Heavens {freeze, Will+
                  | MP+9 Dex+3}
 15832 | D:12     | Noticed an eight-headed hydra
 15885 | D:12     | Noticed a tengu warrior
 15899 | D:12     | Killed a tengu warrior
 16158 | D:12     | Killed a fire dragon
 16171 | D:12     | Killed an eight-headed hydra
 16171 | D:12     | Received a gift from Okawaru
 17017 | D:12     | Identified the +10 sling of Inference {freeze, Contam rPois
                  | Dex+2 Stlth+}
 17021 | D:12     | Identified the +1 cloak of Recklessness {MP+9 Int+3 Slay-3}
 17337 | D:13     | Noticed a five-headed hydra
 17338 | D:13     | Noticed a centaur warrior
 17433 | Lair:1   | Entered Level 1 of the Lair of Beasts
 18075 | Lair:1   | Noticed a seven-headed hydra
 18089 | Lair:1   | Killed a seven-headed hydra
 18089 | Lair:1   | Received a gift from Okawaru
 18307 | Lair:1   | Noticed a four-headed hydra
 18313 | Lair:1   | Killed a four-headed hydra
 18695 | Lair:2   | Noticed Harold
 18710 | Lair:2   | Noticed Fannar
 18715 | Lair:2   | Found a bloodstained altar of Trog.
 18863 | Lair:2   | Noticed a six-headed hydra
 18883 | Lair:2   | Killed a six-headed hydra
 18883 | Lair:2   | Received a gift from Okawaru
 18950 | Lair:2   | Reached skill level 5 in Invocations
 19011 | Lair:2   | Noticed a catoblepas
 19026 | Lair:2   | Killed a catoblepas
 19026 | Lair:2   | Reached ****** piety under Okawaru
 19777 | Lair:2   | Received a gift from Okawaru
 19900 | Lair:2   | Killed Fannar
 19901 | Lair:2   | Reached XP level 13. HP: 122/122 MP: 15/15
 20252 | Lair:2   | Found a staircase to the Snake Pit.
 20285 | Lair:2   | Killed Harold
 20285 | Lair:2   | Identified the +2 broad axe "Siut" {venom, rElec rN+ Int+2}
                  | (Okawaru gifted it to you on level 2 of the Lair of Beasts)
 20285 | Lair:2   | Received a gift from Okawaru
 21079 | Lair:3   | Found a staircase to the Swamp.
 21269 | Lair:3   | Reached skill level 17 in Axes
 21678 | Lair:3   | Received a gift from Okawaru
 22757 | Lair:4   | Found a gate leading to a gauntlet.
 22921 | Gauntlet | Entered a Gauntlet
 22921 | Gauntlet | Found a transporter.
 22921 | Gauntlet | Found a transporter.
 22921 | Gauntlet | Found a transporter.
 22922 | Gauntlet | Found a transporter.
 22925 | Gauntlet | Found a transporter.
 22926 | Gauntlet | Found a transporter.
 22935 | Gauntlet | Noticed a blizzard demon
 22937 | Gauntlet | Found a transporter.
 22939 | Gauntlet | Found a transporter.
 22947 | Gauntlet | Noticed a dire elephant
 22951 | Gauntlet | Found a transporter.
 22953 | Gauntlet | Noticed a blizzard demon
 22970 | Gauntlet | Found a transporter.
 22974 | Gauntlet | Found a transporter.
 22978 | Gauntlet | Found a transporter.
 23252 | Gauntlet | Killed a dire elephant
 23252 | Gauntlet | Received a gift from Okawaru
 23259 | Gauntlet | Reached skill level 15 in Fighting
 23279 | Gauntlet | Identified the ring "Irocunu" {Ice Contam rCorr Dex+4
                  | Stlth+}
 23352 | Gauntlet | Noticed a minotaur
 23364 | Gauntlet | Killed a minotaur
 23404 | Gauntlet | Identified a scroll of acquirement
 23418 | Lair:4   | Acquired a +3 executioner's axe of electrocution
 23599 | Lair:4   | Received a gift from Okawaru
 24001 | Lair:4   | HP: 1/127 [death yak (11)]
 24007 | Lair:4   | Reached skill level 18 in Axes
 24007 | Lair:4   | Reached XP level 14. HP: 14/135 MP: 11/18
 24879 | Lair:5   | Entered Level 5 of the Lair of Beasts
 24945 | Lair:5   | Found a staircase to the Slime Pits.
 24946 | Lair:5   | Found a viscous altar of Jiyva.
 25296 | Lair:5   | Noticed Nessos
 25298 | Lair:5   | Noticed Nessos
 25298 | Lair:5   | Nessos changed into Nessos the sea snake
 25306 | Lair:5   | Killed Nessos the sea snake
 25615 | Lair:5   | Received a gift from Okawaru
 26669 | Lair:5   | Reached skill level 19 in Axes
 28172 | Orc:1    | Entered Level 1 of the Orcish Mines
 28746 | Orc:2    | Entered Level 2 of the Orcish Mines
 28746 | Orc:2    | Found a staircase to the Elven Halls.
 28923 | Orc:1    | Noticed Snorg
 28941 | Orc:1    | Killed Snorg
 28941 | Orc:1    | Identified the +0 chain mail "Wuneok" {rElec MP+9 Str-3
                  | Dex-4} (Okawaru gifted it to you on level 1 of the Orcish
                  | Mines)
 28941 | Orc:1    | Received a gift from Okawaru
 29313 | Orc:1    | Noticed Erica
 29319 | Orc:1    | Killed Erica
 29482 | Orc:2    | Noticed Erolcha
 29504 | Orc:2    | Killed Erolcha
 29505 | Orc:2    | Reached skill level 20 in Axes
 29518 | Orc:2    | Paralysed by an orc sorcerer for 5 turns
 29978 | Orc:2    | Noticed an orc warlord
 30007 | Orc:2    | Killed an orc warlord
 30486 | Orc:2    | Noticed Jorgrun
 30557 | Orc:2    | Killed Jorgrun
 30558 | Orc:2    | Reached XP level 15. HP: 23/147 MP: 18/20
 30962 | Orc:2    | Found Tidyit's Distillery.
 30963 | Orc:2    | Found Veta's Book Emporium.
 30964 | Orc:2    | Found Omupseh's Assorted Antiques.
 30968 | Orc:2    | Found Huvviti's Weapon Shoppe.
 30971 | Orc:2    | Bought a potion of might for 56 gold pieces
 30973 | Orc:2    | Bought a tiny malachite amulet for 130 gold pieces
 31922 | D:13     | Reached skill level 21 in Axes
 31928 | D:13     | Noticed Urug
 31929 | D:13     | Noticed Urug
 31929 | D:13     | Urug changed into Urug the faun
 31937 | D:13     | Killed Urug the faun
 32442 | D:14     | Found a shadowy altar of Dithmenos.
 32736 | D:14     | Received a gift from Okawaru
 32740 | D:14     | Found a gate to the Vaults.
 32888 | D:15     | Entered Level 15 of the Dungeon
 33005 | D:15     | Reached skill level 22 in Axes
 33034 | D:15     | Found a runed translucent door.
 33034 | D:15     | Noticed AyAyRon's ghost (adept DsFi)
 33210 | D:15     | Identified the +3 robe of Lethargy {rC+++ Str-5 Dex+7 SInv}
                  | (Okawaru gifted it to you on level 15 of the Dungeon)
 33210 | D:15     | Received a gift from Okawaru
 33577 | D:15     | Found a staircase to the Depths.
 34171 | Snake:1  | Entered Level 1 of the Snake Pit
 36855 | Snake:2  | Reached skill level 5 in Dodging
 36860 | Snake:2  | Reached XP level 16. HP: 112/155 MP: 7/21
 36862 | Snake:2  | Received a gift from Okawaru
 37352 | Bazaar   | Entered a bazaar
 37354 | Bazaar   | Found Rixtom's Magic Scroll Boutique.
 37358 | Bazaar   | Found Dyaroiw's Antique Armour Boutique.
 37358 | Bazaar   | Found Wongiap's Weapon Boutique.
 37358 | Bazaar   | Found Eshruarr's Armour Boutique.
 37400 | Bazaar   | Bought a scroll of magic mapping for 90 gold pieces
 37400 | Bazaar   | Bought a scroll of blinking for 90 gold pieces
 37400 | Bazaar   | Bought 3 scrolls of enchant weapon for 270 gold pieces
 37400 | Bazaar   | Bought a scroll of fog for 48 gold pieces
 37400 | Bazaar   | Bought a scroll of fog for 48 gold pieces
 37400 | Bazaar   | Bought a scroll of teleportation for 36 gold pieces
 37400 | Bazaar   | Bought a scroll of magic mapping for 90 gold pieces
 37418 | Bazaar   | Bought a glowing kite shield for 180 gold pieces
 37418 | Bazaar   | Bought a shiny plate armour for 624 gold pieces
 37626 | Snake:1  | Reached XP level 17. HP: 162/162 MP: 22/22
 37659 | Snake:2  | Identified the +0 chain mail "Caureoggoll" {Dex+3 SInv}
 37798 | Snake:2  | Found Vots's Tremendous Tomes.
 38386 | Snake:3  | Received a gift from Okawaru
 38678 | Snake:3  | Found Uwubupp's Book Shop.
 38708 | Snake:3  | Identified the +3 leather armour of Buojobba {Str+3 Stlth+}
 39144 | Snake:4  | Entered Level 4 of the Snake Pit
 39155 | Snake:4  | Identified the +6 scale mail "Kuiplepperyi" {Int+6 Dex-3
                  | SInv} (Okawaru gifted it to you on level 4 of the Snake
                  | Pit)
 39155 | Snake:4  | Received a gift from Okawaru
 39162 | Snake:4  | Reached skill level 10 in Armour
 39248 | Snake:4  | Noticed Vashnia
 41258 | Snake:4  | Killed Vashnia
 41816 | Snake:4  | Reached skill level 10 in Invocations
 42053 | Snake:4  | Received a gift from Okawaru
 42364 | Snake:4  | Reached XP level 18. HP: 150/173 MP: 24/24
 42385 | Snake:4  | Got a serpentine rune of Zot
 42757 | Elf:1    | Entered Level 1 of the Elven Halls
 42758 | Elf:1    | Paralysed by an air elemental for 1 turns
 42761 | Elf:1    | Paralysed by an air elemental for 1 turns
 42810 | Elf:1    | Found a magical portal.
 42840 | WizLab   | Entered Tukima's Studio
 42902 | WizLab   | Noticed a walking earthen tome
 42961 | WizLab   | Killed a walking earthen tome
 43248 | WizLab   | Noticed a walking crystal tome
 43249 | WizLab   | Noticed a walking earthen tome
 43328 | WizLab   | Killed a walking earthen tome
 43378 | WizLab   | Killed a walking crystal tome
 43501 | WizLab   | Noticed ragingrage's illusion
 43727 | WizLab   | Got the Writings on the Oath
 43733 | WizLab   | Got the Teachings on Hexes
 43866 | Elf:1    | Paralysed by an air elemental for 1 turns
 43875 | Elf:1    | Paralysed by an air elemental for 1 turns
 44177 | Elf:1    | Received a gift from Okawaru
 44494 | Swamp:1  | Entered Level 1 of the Swamp
 44756 | Elf:1    | Reached skill level 10 in Throwing
 45113 | Swamp:1  | Acquired a +1 hat of willpower
 45192 | Swamp:1  | Identified the +2 pair of boots of Lust {*Slow Str+6 Dex+3}
                  | (Okawaru gifted it to you on level 1 of the Swamp)
 45192 | Swamp:1  | Received a gift from Okawaru
 45595 | Swamp:2  | Noticed Donald
 45604 | Swamp:2  | Killed Donald
 46017 | Swamp:2  | Found a transporter.
 46018 | Swamp:2  | Noticed xzight's ghost (adept MiBe)
 46044 | Swamp:2  | Found a transporter.
 46770 | Swamp:3  | Noticed Louise
 46789 | Swamp:3  | Killed Louise
 47049 | Swamp:4  | Entered Level 4 of the Swamp
 47606 | Swamp:4  | Noticed a tentacled monstrosity
 47629 | Swamp:4  | HP: 7/178 [hellwing (7)]
 47636 | Swamp:4  | Killed a tentacled monstrosity
 47750 | Swamp:4  | Received a gift from Okawaru
 48373 | Swamp:4  | Paralysed by an orc sorcerer for 4 turns
 48431 | Swamp:4  | Reached XP level 19. HP: 173/175 MP: 25/25
 48721 | Swamp:4  | Identified the +5 kite shield of Xauluuca {Int+4 Dex+3}
                  | (Okawaru gifted it to you on level 4 of the Swamp)
 48721 | Swamp:4  | Received a gift from Okawaru
 48760 | Swamp:4  | Got a decaying rune of Zot
 49232 | Vaults:1 | Entered Level 1 of the Vaults
 50676 | Vaults:1 | Received a gift from Okawaru
 51480 | Vaults:2 | Noticed Mennas
 51511 | Vaults:2 | HP: 3/191 [Mennas/+0 eudemon blade of holy wrath (16)]
 51512 | Vaults:2 | Slain by Mennas

Illustrated notes

Levels and vault maps discovered:
D:1:      dpeg_arrival_round_a, layout_loops_corners,
          shapermc_ecumenical_altar_mp_urbaneastern,
          chequers_serial_rivers_micro_d
D:2:      layout_loops_cross, basic_altar
D:3:      layout_rooms, mainiacjoe_overflow_surrounded_room,
          nicolae_ru_the_path_less_chosen, uniq_sigmund
D:4:      layout_basic, ashenzari_altar_1, serial_shops, shop, kennysheep_mini,
          nicolae_stop_n_shop_1
D:5:      layout_rooms, grunt_qazlal_sundering, uniq_duvessa
D:6:      layout_layer_cave, mainiacjoe_overflow_tiny_flanked,
          minmay_temple_entry_glass
D:7:      layout_gridville, serial_shops, nicolae_take_the_stairs
D:8:      layout_cave_pools, okawaru_ov_weapons_minmay, gammafunk_ghost_smash,
          nicolae_ossuary_entry_ruins
D:9:      okawaru_arena_lexackson, layout_rooms
D:10:     layout_irregular_city, gammafunk_temple_of_torment,
          minmay_misc_feat_alley
D:11:     layout_irregular_city, erik_lair_dragon, zombieorc2_lemuel,
          serial_shops, statue_bzr
D:12:     minmay_crescents, layout_basic
D:13:     layout_basic, uniq_urug
D:14:     layout_long_grid, ximxim_vaults_locker_room, grunt_dithmenos_smoke,
          eino_house_with_fridge
D:15:     grunt_enter_depths_magical_seal, layout_basic,
          chequers_serial_rivers_small_3, hellmonk_ghost_happy_afterlife
Temple:   eino_temple_water
Lair:1:   layout_regular_city
Lair:2:   layout_regular_city, minmay_snake_entry_spellcaster, basic_altar,
          gammafunk_lair_bear_cave, uniq_fannar, uniq_harold
Lair:3:   layout_gridlike, swamp_mist, grunt_megastairs_1
Lair:4:   layout_layer_cave, gauntlet_entry_generic,
          nicolae_quartered_pool_impasse, lemuel_fruit_fields
Lair:5:   minmay_lair_end_enchanted_forest, layout_long_grid,
          minmay_slime_entry_jelly_boxes, uniq_nessos
Swamp:1:  layout_basic_swamp, hangedman_swamp_ruin_wall
Swamp:2:  layout_basic_swamp, gammafunk_ghost_berserking_beasts,
          evilmike_swamp_ruin_house_1, swamp_pool3, uniq_donald
Swamp:3:  layout_basic_swamp, evilmike_swamp_ruin_house_5, swamp_pool1,
          infiniplex_staircase_pool_2, uniq_louise
Swamp:4:  nzn_swamp_witches_coven, layout_basic_swamp, swamp_pool1
Snake:1:  layout_onion_interference, grunt_megastairs_5
Snake:2:  layout_misc_corridors, nicolae_shop_i_like_big_books
Snake:3:  layout_honeycomb, serial_shops, shop, nicolae_snake_guarding_the_ruins
Snake:4:  snake_pit_salamanders_mu, layout_cave_town, uniq_vashnia
Orc:1:    layout_diamond_mine, uniq_erica, uniq_snorg
Orc:2:    st_orc_mages, layout_caves, basic_altar, uniq_jorgrun, uniq_erolcha
Elf:1:    layout_loops_corners, portal_desolation_entry_twin_temple,
          infiniplex_enter_wizlab_glasses, minmay_elf_necromancy
Vaults:1: nicolae_vaults_branching_niches, ontoclasm_vaults_idyll,
          vaults_room_door_ring, ontoclasm_vaults_twist, v_rooms_1,
          layout_vaults_chaotic_city
Vaults:2: v_pattern_5, minmay_crypt_entry_simple_sparse,
          nicolae_vaults_display_case, dpeg_vaults_monster_box,
          grunt_vaults_diagonal, vaults_standard_mumra_enter_the_diamond,
          v_misc_33, nicolae_vaults_little_squares_1,
          ontoclasm_vaults_ring_square, ontoclasm_vaults_idyll,
          layout_vaults_ring, uniq_mennas

Skill      XL: |  1  2  3  4  5  6  7  8  9 10 11 12 13 14 15 16 17 18 19 |
---------------+----------------------------------------------------------+-----
Axes           | 4 5 6 8 9 11 14 16 18 20 22 | 22.7
Fighting       | 4 7 10 13 15 17 18 20 21 | 21.9
Armour         | 2 4 6 8 9 11 14 | 14.0
Shields        | 1 4 6 9 |  9.0
Evocations     | 1 3 5 6 8 9 |  9.0
Dodging        | 4 5 7 |  7.0
Throwing       | 4 6 7 9 11 14 | 14.1
Invocations    | 2 5 7 8 10 | 10.0

Action                   |  1- 3 |  4- 6 |  7- 9 | 10-12 | 13-15 | 16-18 | 19-21 || total
-------------------------+-------+-------+-------+-------+-------+-------+-------++-------
Melee: War axe           |    66 |    70 |   219 |   377 |       |       |       ||   732
       Headbutt          |    12 |     9 |    31 |    94 |   250 |   237 |    83 ||   716
       Battleaxe         |       |       |       |    50 |    26 |    45 |       ||   121
       Spear             |       |       |       |     8 |    16 |       |       ||    24
       Broad axe         |       |       |       |       |   336 |   880 |   266 ||  1482
       Executioner's axe |       |       |       |       |   634 |       |       ||   634
       Scimitar          |       |       |       |       |    11 |       |       ||    11
       Punch             |       |       |       |       |       |     8 |       ||     8
 Fire: Sling             |       |       |       |    23 |       |       |       ||    23
Throw: Dart              |     2 |       |    17 |     8 |     9 |     5 |       ||    41
       Throwing net      |       |       |     3 |     5 |       |       |       ||     8
       Boomerang         |       |       |       |       |    63 |    71 |    26 ||   160
       Javelin           |       |       |       |       |    16 |     7 |       ||    23
Invok: Heroism           |       |       |       |     4 |     6 |       |       ||    10
       Finesse           |       |       |       |       |    11 |     8 |     2 ||    21
Evoke: Wand              |       |       |       |     8 |     4 |       |     2 ||    14
       Tin of tremorston |       |       |       |       |     3 |     2 |     2 ||     7
  Use: Scroll            |       |     2 |     9 |    17 |    12 |     8 |     2 ||    50
       Potion            |       |       |     1 |     2 |     7 |     2 |     4 ||    16
 Stab: Held in net/web   |       |       |       |     3 |       |       |       ||     3
       Distracted        |       |       |       |     1 |       |       |     1 ||     2
       Confused          |       |       |       |     1 |       |       |       ||     1
       Sleeping          |       |       |       |       |     1 |       |       ||     1
Armor: Leather armour    |    11 |    21 |    35 |    86 |   112 |       |       ||   265
       Scale mail        |       |       |       |       |   144 |       |       ||   144
       Skin              |       |       |       |       |     1 |       |       ||     1
       Chain mail        |       |       |       |       |   184 |   226 |       ||   410
       Plate armour      |       |       |       |       |       |   212 |   195 ||   407
Dodge: Dodged            |    38 |    55 |    77 |   184 |   512 |   342 |   128 ||  1336
       Repelled          |       |       |       |       |       |    11 |     2 ||    13
Block: Buckler           |     4 |    10 |    36 |    84 |    38 |       |       ||   172
       Kite shield       |       |       |       |       |   102 |   295 |   192 ||   589
